 Dungeon Crawl Stone Soup version 0.18.1-5-g4a78601 (webtiles) character file.

70 epen the Distorting Demonspawn (level 4, -4/35 HPs)
             Began as a Demonspawn Abyssal Knight on May 12, 2016.
             Was a Believer of Lugonu.
             Slain by a gnoll
             ... wielding a +0 halberd
              (9 damage)
             ... on level 2 of the Dungeon.
             The game lasted 00:03:43 (1455 turns).

epen the Distorting Demonspawn (DsAK)               Turns: 1455, Time: 00:03:44

Health: -4/35      AC:  5    Str: 13    XL:     4   Next: 4%
Magic:  5/6        EV: 12    Int: 14    God:    Lugonu [**....]
Gold:   73         SH:  0    Dex: 12    Spells: 0 memorised, 3 levels left

rFire  . . .     SeeInvis .     a - +1 falchion
rCold  . . .     Gourm    .     b - +0 leather armour
rNeg   . . .     Faith    .     (no shield)
rPois  .         Spirit   .     (no helmet)
rElec  .         Dismiss  .     d - +0 cloak
rCorr  .         Reflect  .     (no gloves)
SustAt .         Harm     .     i - +0 pair of boots
MR     .....                    (no amulet)
Stlth  +.........               (no ring)
                                (no ring)

@: not resistant to hostile enchantments, very unstealthy
A: claws 1, sturdy frame 1
a: Depart the Abyss, Bend Space, Renounce Religion


You were on level 2 of the Dungeon.
You worshipped Lugonu.
Lugonu was pleased with you.
You were not hungry.

You visited 1 branch of the dungeon, and saw 2 of its levels.
You visited the Abyss 1 time.

You collected 73 gold pieces.

Inventory:

Hand Weapons
 a - a +1 falchion (weapon)
Armour
 b - a +0 leather armour (worn)
 d - a +0 cloak (worn)
 i - a +0 pair of boots (worn)
Scrolls
 f - a scroll of magic mapping {unknown}
 g - a scroll of recharging {unknown}
 l - 2 scrolls of remove curse {unknown}
 m - a scroll of blinking {unknown}
 o - a scroll of noise {unknown}
 p - a scroll of random uselessness {unknown}
Potions
 e - a potion of cancellation {unknown}
 h - a potion of degeneration {unknown}
 j - a potion of might
 n - a potion of ambrosia {unknown}
Comestibles
 c - a bread ration
 k - a meat ration


   Skills:
 + Level 3.2 Fighting
 * Level 2.5 Long Blades
 + Level 2.2 Armour
 + Level 1.6 Dodging
 * Level 3.4 Invocations


You had 3 spell levels left.
You didn't know any spells.

Dungeon Overview and Level Annotations

Branches:
Dungeon (2/15)

Altars:
Cheibriados


Innate Abilities, Weirdness & Mutations

You have sharp fingernails.
Your movements are slightly less encumbered by armour (ER -2).


Message History

The gnoll is heavily wounded.
The gnoll barely misses you. The goblin closely misses you.
You hit the gnoll.
The gnoll is heavily wounded.
The gnoll misses you. The goblin hits you but does no damage.
The gnoll misses you.
You closely miss the gnoll.
The gnoll is heavily wounded.
The goblin hits you with a dagger.
* * * LOW HITPOINT WARNING * * *
The gnoll hits you but does no damage. The goblin hits you with a dagger.
* * * LOW HITPOINT WARNING * * *
Space bends around you!
You blink.
* * * LOW HITPOINT WARNING * * *
You feel slightly more hungry.
Unknown command.
A gnoll comes into view. It is wielding a halberd.
The gnoll shouts!
The gnoll hits you from afar with a halberd!
You die...

#.........#######.#.#.
#.####....######....#.
##...#.....g.gg).......
#........########......
##......g........'......
........#g########...#(#
#......#.# #...#.#
#......#.# ######'##.#
##...@g.# #......##..
#.#.#### #.#######..
#.#g #.#........ #.
######.#.#####.# ..
..........<.....
#########....####..
...........####..
##..#..........).
.........#....###


You could see 3 gnolls.

Vanquished Creatures
  An adder (D:2)
  A worm (D:2)
  3 dart slugs
  3 giant geckos (D:2)
  2 giant cockroaches (D:1)
  7 hobgoblins
  2 jackals (D:1)
  9 kobolds
  A quokka (D:2)
  8 bats
  3 giant newts
  5 goblins
  4 rats
49 creatures vanquished.

Notes
Turn   | Place    | Note
--------------------------------------------------------------
     0 | Abyss:1  | epen the Demonspawn Abyssal Knight began the quest for the Orb.
     0 | Abyss:1  | Reached XP level 1. HP: 18/18 MP: 2/2
     9 | D:1      | Escaped the Abyss
    96 | D:1      | Reached skill level 1 in Dodging
   224 | D:1      | Gained mutation: You have sharp fingernails. [demonic ancestry]
   224 | D:1      | Reached XP level 2. HP: 23/24 MP: 4/4
   479 | D:1      | Reached ** piety under Lugonu
   535 | D:1      | Reached XP level 3. HP: 13/29 MP: 5/5
   824 | D:2      | Found a snail-covered altar of Cheibriados.
  1354 | D:2      | Gained mutation: Your movements are slightly less encumbered by armour (ER -2). [demonic ancestry]
  1354 | D:2      | Reached XP level 4. HP: 20/35 MP: 6/6
  1455 | D:2      | Slain by a gnoll

Skill      XL: |  1  2 |
---------------+-------+-----
Dodging        | 1 |  1.6
Long Blades    | 2 |  2.5
Armour         | 2 |  2.2
Invocations    | 3 |  3.4
Fighting       | |  3.2

Action                   |  1- 3 |  4- 6 || total
-------------------------+-------+-------++-------
Melee: Falchion          |   170 |    14 ||   184
Invok: Bend Space        |       |     1 ||     1
  Eat: Chunk             |     2 |       ||     2
Armor: Leather armour    |    77 |     6 ||    83
Dodge: Dodged            |   128 |    11 ||   139
